 Dungeon Crawl Stone Soup version 0.28-a0-95-g65e1ffefe4 (webtiles) character file.

Game seed: 8811415492340150604

6 SolCadguy the Ducker (level 2, -1/21 HPs)
             Began as a Djinni Fire Elementalist on Aug 9, 2021.
             Slain by a quokka (2 damage)
             ... on level 1 of the Dungeon.
             The game lasted 00:01:36 (397 turns).

SolCadguy the Ducker (Djinni Fire Elementalist)      Turns: 397, Time: 00:01:37

Health: -1/21      AC:  2    Str:  7    XL:     2   Next: 0%
Gold:   0          EV: 12    Int: 16    God:
                   SH:  0    Dex: 13

rFire   + + .      SeeInvis .   d - +0 dagger
rCold   x . .      Faith    .   (no shield)
rNeg    . . .      Spirit   .   a - +0 robe
rPois   ∞          Reflect  .   (no helmet)
rElec   .          Harm     .   (no cloak)
rCorr   .          Rampage  .   (no gloves)
Will    .....                   (boots unavailable)
Stlth   ++........              (no amulet)
HPRegen 0.07/turn               (no ring)
MPRegen 0.00/turn               (no ring)

@: flying
A: sickness immunity, fire resistance 2, cold vulnerability 1, float, innate
caster, hp casting, extra vitality 1
a: no special abilities


You were on level 1 of the Dungeon.
You visited 1 branch of the dungeon, and saw 1 of its levels.

Inventory:

Hand Weapons
 c - a +0 club
 d - a +0 dagger (weapon)
Missiles
 e - 2 stones
Armour
 a - a +0 robe (worn)
Scrolls
 f - a scroll of fear {unknown}
 g - 2 scrolls of amnesia {unknown}
Potions
 b - 2 potions of lignification {unknown}


   Skills:
 + Level 2.9 Dodging
 - Level 1.5 Stealth
 - Level 2.4 Spellcasting


You couldn't memorise any spells.
You knew the following spells:

 Your Spells              Type           Power      Damage    Failure   Level
a - Foxfire               Conj/Fire      36%        2x1d5     8%          1
b - Conjure Flame         Conj/Fire      9%         6-21      22%         3
c - Inner Flame           Hex/Fire       9%         N/A       22%         3
d - Sticky Flame          Conj/Fire      9%         2d3       58%         4
e - Fireball              Conj/Fire      4%         3d4       90%         5
Your spell library was empty.

Dungeon Overview and Level Annotations

Branches:
Dungeon (1/15)

Altars:


Innate Abilities, Weirdness & Mutations

You are immune to sickness and miasma.
You are immune to poison.
Your flesh is very heat resistant. (rF++)
You are vulnerable to cold. (rC-)
You float through the air rather than walking.
You learn spells naturally, not from books.
Your magical power is your life essence.
You have superior vitality. (+4 HP)


Message History

The jackal closely misses you. x2
Your foxfire dissipates!
Your magical contamination has completely faded away.
You see here a +0 dagger.
The jackal misses you.
The jackal bites you but does no damage.
You hit the jackal.
The jackal is lightly wounded.
The jackal bites you.
* * * LOW HITPOINT WARNING * * *
You hit the jackal.
The jackal is heavily wounded.
The jackal barely misses you. x2
You hit the jackal but do no damage.
The jackal is heavily wounded.
The jackal misses you.
You hit the jackal.
You kill the jackal!
You have reached level 2!
Found 18 bolts.
A kobold comes into view. It is wielding a +0 dagger.
The kobold shouts!
You hear a shout!
The kobold hits you with a +0 dagger.
* * * LOW HITPOINT WARNING * * *
The kobold hits you but does no damage.
A quokka comes into view.
The quokka bites you but does no damage.
A kobold comes into view. It is wielding a +0 short sword.
The kobold shouts!
A hobgoblin comes into view.
The quokka bites you but does no damage.
The hobgoblin moves out of view.
The hobgoblin shouts!
The kobold throws a stone.
The stone barely misses you.
The quokka twitches its whiskers.
The quokka misses you. The quokka bites you.
* * * LOW HITPOINT WARNING * * *
The quokka bites you.
You die...

.# #.#####.####..#.##.#
##..8 .# #.#
#.####..#.##.# #...#
.#####.# #.........##.#
#...# ..)....#
######..####.# #...#
.####..# #..####.#
#...8 .# #..# #÷÷.....#
#..## .. #..# #..######
#...# #.#
#..##########..# #....
#.# #....Kg.K.Kr@..#
#.##. #.#
#.############.########
#.##. ..###.#
#........# #.##.
......# ########.#
#.... ##.#.## #.# ####.
##.#K# #.# ##. ##.#.#
#.# #.. ##K#.# #.# #.#
...>.# #.# #.#


You could see a quokka, a hobgoblin and 3 kobolds.

Vanquished Creatures
  A giant cockroach (D:1)
  A hobgoblin (D:1)
  A jackal (D:1)
  A ball python (D:1)
  A goblin (D:1)
  A kobold (D:1)
6 creatures vanquished.

Vanquished Creatures (others)
  10 foxfires (D:1)
10 creatures vanquished.

Grand Total: 16 creatures vanquished

Notes
Turn   | Place    | Note
-------+----------+-------------------------------------------
     0 | D:1      | SolCadguy the Djinni Fire Elementalist began the quest for
                  | the Orb.
     0 | D:1      | Reached XP level 1. HP: 15/15 MP: 0/0
   327 | D:1      | Reached XP level 2. HP: 1/21 MP: 0/0
   392 | D:1      | HP: 1/21 [quokka (3)]
   397 | D:1      | Slain by a quokka

Illustrated notes

Levels and vault maps discovered:
D:1:      scummos_arrival_simple_crosswalls, layout_loops_ring,
          hellmonk_ecumenical_altar_dog_temple

Action                   || total
-------------------------++-------
Melee: Dagger            ||    10
       Club              ||     1
 Cast: Foxfire           ||     7
Armor: Robe              ||     4
Dodge: Dodged            ||    17

Table legend: (Time is in decaauts)
 A = Elapsed time spent in this place.
 B = Non-inter-level travel time spent in this place.
 C = Inter-level travel time spent in this place.
 D = Time resting spent in this place.
 E = Time spent auto-exploring this place.
 F = Levels seen in this place.
 G = Mean time per level.
                   A        B        C        D        E       F      G
               +--------+--------+--------+--------+--------+-----+--------+
         Total |    396 |    396 |      0 |     44 |    182 |   1 |  396.0 |
       Dungeon |    396 |    396 |      0 |     44 |    182 |   1 |  396.0 |
               +--------+--------+--------+--------+--------+-----+--------+

Top non-repeatable levels by time:
     D:1: 396 daAuts
